 Dungeon Crawl Stone Soup version 0.19-a0-722-g27ac516 (webtiles) character file.

98 TheGoonsmith the Chiller (level 4, -1/24 HPs)
             Began as a Deep Elf Ice Elementalist on June 21, 2016.
             Slain by Sigmund
             ... wielding a +0 scythe
              (13 damage)
             ... on level 3 of the Dungeon.
             The game lasted 00:04:07 (2037 turns).

TheGoonsmith the Chiller (DEIE)                     Turns: 2037, Time: 00:04:07

Health: -1/24      AC:  7    Str:  5    XL:     4   Next: 43%
Magic:  6/12       EV: 13    Int: 20    God:
Gold:   117        SH:  0    Dex: 16    Spells: 3 memorised, 5 levels left

rFire  . . .     SeeInvis .     i - +2 mace (protect)
rCold  . . .     Gourm    .     a - +0 robe
rNeg   . . .     Faith    .     (no shield)
rPois  .         Spirit   .     (no helmet)
rElec  .         Dismiss  .     (no cloak)
rCorr  .         Reflect  .     (no gloves)
SustAt .         Harm     .     (no boots)
MR     .....                    (no amulet)
Stlth  ++........               (no ring)
                                (no ring)

@: not resistant to hostile enchantments, unstealthy
A: no striking features
a: no special abilities


You were on level 3 of the Dungeon.
You were not hungry.

You visited 1 branch of the dungeon, and saw 4 of its levels.

You collected 117 gold pieces.

Inventory:

Hand Weapons
 f - a +0 dagger of draining
 i - a +2 mace of protection (weapon)
 j - a +0 hand axe
Armour
 a - a +0 robe (worn)
Jewellery
 h - an uncursed ring of magical power {unknown}
 n - a +2 amulet of reflection {unknown}
Scrolls
 d - a scroll of random uselessness {unknown}
 e - a scroll of noise {unknown}
 g - 4 scrolls of identify {unknown}
 l - a scroll of teleportation {unknown}
 q - a scroll of fear {unknown}
 r - a scroll of remove curse {unknown}
Potions
 k - a potion of might {unknown}
 p - a potion of brilliance {unknown}
Books
 b - a book of Frost

   Spells                             Type                      Level
   a - Freeze                         Ice                          1
   b - Throw Frost                    Conjuration/Ice              2
   c - Ozocubu's Armour               Charms/Ice                   3
   d - Throw Icicle                   Conjuration/Ice              4
   e - Summon Ice Beast               Ice/Summoning                4
Comestibles
 c - 4 bread rations
 m - 2 beef jerkies
 o - 2 meat rations
 s - 5 chunks of flesh


   Skills:
 - Level 2.4 Dodging
 - Level 2.4 Stealth
 + Level 4.2 Spellcasting
 - Level 1.1 Conjurations
 * Level 5.2 Ice Magic


You had 5 spell levels left.
You knew the following spells:

 Your Spells              Type           Power        Failure   Level  Hunger
a - Freeze                Ice            ####         1%          1    None
b - Throw Frost           Conj/Ice       ###...       6%          2    #......
A - Ozocubu's Armour      Chrm/Ice       ##......     14%         3    ###....


Dungeon Overview and Level Annotations

Branches:
Dungeon (4/15)
 Temple: D:4-7

Altars:
Nemelex Xobeh
Okawaru

Annotations:
D:3 Sigmund


Message History

Sigmund is moderately wounded.
Casting: Freeze
Confirm with . or Enter, or press ? or * to list all spells.
Aiming: Freeze
Press: ? - help, Shift-Dir - straight line, f/p - Sigmund
Aim: Sigmund, wielding a scythe and wearing a robe (moderately wounded)
You freeze Sigmund.
Sigmund is heavily wounded.
Sigmund hits you with a scythe!
Ouch! That really hurt!
Casting: Freeze
Confirm with . or Enter, or press ? or * to list all spells.
Aiming: Freeze
Press: ? - help, Shift-Dir - straight line, f/p - Sigmund
Aim: Sigmund, wielding a scythe and wearing a robe (heavily wounded)
You freeze Sigmund.
Sigmund is severely wounded.
Sigmund hits you with a scythe!
Ouch! That really hurt!
You die...

...... #....
###.####..######...# ..
##.....##.(..........
...#.......#............
...#(......#.#<.........
....._.....######.....
#.......#.. #......
#...@...#.# #......
#..@..##.# #......
#.####.####.# ##.....
#...........#.# ##...#
###.###.......# ##.##
#.#####.##########.##
........####.........
########........#..##
#.###.##....##
####.###.##......


You could see Sigmund.

Vanquished Creatures
  4 adders
  An ooze (D:1)
  2 dart slugs
  4 orcs (D:3)
  4 bats
  A giant cockroach (D:1)
  5 goblins
  7 hobgoblins
  2 jackals (D:1)
  8 kobolds
  3 giant newts
  8 rats
49 creatures vanquished.

Notes
Turn   | Place    | Note
--------------------------------------------------------------
     0 | D:1      | TheGoonsmith the Deep Elf Ice Elementalist began the quest for the Orb.
     0 | D:1      | Reached XP level 1. HP: 10/10 MP: 6/6
    82 | D:1      | Reached XP level 2. HP: 15/15 MP: 6/8
   127 | D:1      | Reached skill level 4 in Ice Magic
   518 | D:1      | Reached XP level 3. HP: 8/19 MP: 6/9
   702 | D:1      | Learned a level 2 spell: Throw Frost
   706 | D:1      | Learned a level 3 spell: Ozocubu's Armour
  1363 | D:2      | Found an iron altar of Okawaru.
  1411 | D:2      | Reached XP level 4. HP: 24/24 MP: 10/12
  1519 | D:2      | Reached skill level 5 in Ice Magic
  1620 | D:2      | You fall through a shaft for 2 floors!
  2028 | D:3      | Noticed Sigmund
  2029 | D:3      | Found a sparkling altar of Nemelex Xobeh.
  2037 | D:3      | Slain by Sigmund

Vault maps used:
D:1:      roderic_crop_circles_arrival_small
D:2:      okawaru_metal_pillars_1_2
D:3:      old_standard_altar, zin_angel, uniq_robin, uniq_sigmund
D:4:      serial_shops, shop

Skill      XL: |  1  2  3  4 |
---------------+-------------+-----
Ice Magic      | 4 5 |  5.2
Spellcasting   | 4 |  4.2
Dodging        | |  2.4
Stealth        | |  2.4
Conjurations   | |  1.1

Action                   |  1- 3 |  4- 6 || total
-------------------------+-------+-------++-------
Melee: Unarmed           |     2 |       ||     2
       Hand axe          |     5 |       ||     5
       Mace              |       |     2 ||     2
 Cast: Freeze            |    44 |    33 ||    77
       Throw Frost       |     4 |       ||     4
  Use: Potion            |     2 |       ||     2
  Eat: Chunk             |       |     3 ||     3
Armor: Robe              |     2 |     8 ||    10
Dodge: Dodged            |    26 |    11 ||    37
